 Dungeon Crawl Stone Soup version 0.28-a0-1344-g6b9ff3a05d (webtiles) character file.

Game seed: 637582676492596980

1810 Deminshera the Carver (level 9, -2/72 HPs)
             Began as a Human Fighter on Dec 29, 2021.
             Slain by a gnoll (8 damage)
             ... in a bailey.
             The game lasted 00:09:50 (9843 turns).

Deminshera the Carver (Human Fighter)               Turns: 9843, Time: 00:09:50

Health: -2/72      AC: 13    Str: 20    XL:     9   Next: 31%
Magic:  9/9        EV:  5    Int:  9    God:
Gold:   338        SH:  9    Dex: 13    Spells: 8/8 levels left

rFire   . . .      SeeInvis .   a - +0 long sword
rCold   . . .      Faith    .   u - +0 kite shield
rNeg    . . .      Spirit   .   h - +0 chain mail
rPois   .          Reflect  .   x - +0 helmet
rElec   .          Harm     .   p - +2 cloak
rCorr   .          Rampage  .   (no gloves)
Will    .....                   (no boots)
Stlth   ..........              (no amulet)
HPRegen 0.22/turn               (no ring)
MPRegen 0.11/turn               (no ring)

@: mighty, attractive
A: no striking features
a: no special abilities


You were in a bailey.
You visited 1 branch of the dungeon, and saw 7 of its levels.
You also visited: Bailey.

You collected 338 gold pieces.

Inventory:

Hand Weapons
 a - a +0 long sword (weapon)
Missiles
 n - 49 poisoned darts (quivered)
 z - a throwing net
Armour
 c - a +0 buckler
 g - a scarf of resistance
 h - a +0 chain mail (worn)
 p - a +2 cloak (worn)
 u - a +0 kite shield (worn)
 x - a +0 helmet (worn)
Wands
 r - a wand of flame (15)
 y - a wand of iceblast (8)
Scrolls
 b - 2 scrolls of fog
 i - a scroll of identify
Potions
 d - a potion of might
 e - 2 potions of berserk rage {unknown}
 f - 3 potions of attraction
 j - 3 potions of degeneration {unknown}
 k - 2 potions of cancellation {unknown}
 l - a potion of haste {unknown}
 m - 2 potions of curing {unknown}
 o - 2 potions of brilliance {unknown}
 q - a potion of heal wounds {unknown}
 t - a potion of magic {unknown}


   Skills:
 + Level 7.4 Fighting
 + Level 8.1 Long Blades
 - Level 3.0 Armour
 + Level 5.8 Shields


You had 8 spell levels left.
You didn't know any spells.
Your spell library contained the following spells:

 Spells                   Type           Power      Damage    Failure   Level
 Apportation              Tloc           0%         N/A       100%        1
 Sublimation of Blood     Necr           0%         N/A       100%        2
 Wereblood                Tmut           0%         N/A       100%        2
 Alistair's Intoxication  Tmut/Pois      0%         N/A       100%        5
 Summon Hydra             Summ           0%         N/A       100%        7


Dungeon Overview and Level Annotations

Branches:
Dungeon (7/15)             Bailey (1/1)
 Temple: D:4-7

Altars:
Ashenzari
Hepliaklqana
Nemelex Xobeh


Message History

The hound bites you but does no damage. The gnoll hits you but does no damage.
You barely miss the hound.
The hound is moderately wounded.
You block the hound's attack.
The gnoll hits you from afar with a +0 halberd!
* * * LOW HITPOINT WARNING * * *
The hound barely misses you. You block the gnoll's attack.
The gnoll hits you from afar with a +0 halberd.
* * * LOW HITPOINT WARNING * * *
You hit the hound.
The hound is heavily wounded.
You block the hound's attack. You block the gnoll's attack.
The gnoll barely misses you. The hound bites you but does no damage.
You barely miss the hound.
The hound is heavily wounded.
The hound bites you but does no damage. You block the gnoll's attack.
The gnoll barely misses you.
You closely miss the hound.
The hound is heavily wounded.
The hound bites you but does no damage.
The gnoll hits you from afar with a +0 halberd.
* * * LOW HITPOINT WARNING * * *
The hound barely misses you. You block the gnoll's attack.
You closely miss the hound.
The hound is heavily wounded.
The hound barely misses you. You block the gnoll's attack. x2
You block the hound's attack. The gnoll closely misses you.
The hound bites you but does no damage. The gnoll barely misses you. x2
The hound bites you but does no damage.
You see here a hound corpse.
You slash the gnoll!
The gnoll is severely wounded.
You block the gnoll's attack. The hound bites you but does no damage.
The gnoll hits you with a +0 halberd.
* * * LOW HITPOINT WARNING * * *
The gnoll barely misses you.
It was a potion of attraction.
You feel attractive to monsters. You block the hound's attack.
The gnoll hits you with a +0 halberd!
You die...

.######+++######
................
≈...............
≈≈≈≈≈≈≈gg.≈≈≈≈≈≈
♣......@h.......
♣♣♣....(......♣
♣♣♣♣.......♣♣
♣♣.∩.♣♣♣♣ ♣♣.♣♣
♣.♣ ♣∩♣ ###


You could see a hound and 2 gnolls.

Vanquished Creatures
  The ghost of technosentience the Insei, a novice DjTm (D:4)
  A black bear (D:6)
  An ice beast (D:5)
  4 ogres
  A centaur (D:6)
  A bullfrog (D:6)
  A wyvern zombie (D:6)
  2 scorpions (D:4)
  A wyvern skeleton (D:5)
  A howler monkey (D:5)
  A centaur zombie (D:6)
  An orc priest (D:5)
  Crazy Yiuf (D:5)
  3 bullfrog skeletons
  4 hounds
  A centaur skeleton (D:7)
  2 iguanas
  A hound zombie (D:5)
  2 hound skeletons
  8 adders
  A white imp (D:7)
  An ufetubus (D:3)
  4 worms
  6 dart slugs
  10 orcs
  7 endoplasms
  7 giant cockroaches
  5 goblins
  6 hobgoblins
  A jackal (D:3)
  4 quokkas
  10 ball pythons
  3 bats
  6 frilled lizards
  6 kobolds
  3 rats
118 creatures vanquished.

Vanquished Creatures (others)
  A plant (D:1)
1 creature vanquished.

Grand Total: 119 creatures vanquished

Notes
Turn   | Place    | Note
-------+----------+-------------------------------------------
     0 | D:1      | Deminshera the Human Fighter began the quest for the Orb.
     0 | D:1      | Reached XP level 1. HP: 18/18 MP: 1/1
   116 | D:1      | Found a hazy altar of Hepliaklqana.
   119 | D:1      | Reached XP level 2. HP: 24/24 MP: 2/2
   494 | D:1      | Reached XP level 3. HP: 26/29 MP: 3/3
   545 | D:1      | Reached skill level 3 in Long Blades
  1166 | D:1      | Found a faded altar of an unknown god.
  1521 | D:2      | Reached XP level 4. HP: 33/35 MP: 4/4
  1815 | D:2      | Found a broken altar of Ashenzari.
  2227 | D:3      | Reached skill level 4 in Long Blades
  2702 | D:3      | Reached XP level 5. HP: 36/42 MP: 5/5
  3266 | D:3      | Noticed an ogre
  3306 | D:3      | Killed an ogre
  3307 | D:3      | Reached XP level 6. HP: 14/48 MP: 6/6
  3946 | D:4      | Noticed an ogre
  4240 | D:3      | Killed an ogre
  4241 | D:3      | Reached skill level 5 in Long Blades
  4714 | D:4      | Noticed an ogre
  4851 | D:4      | Killed an ogre
  4852 | D:4      | Reached skill level 6 in Long Blades
  4852 | D:4      | Reached XP level 7. HP: 34/55 MP: 7/7
  5185 | D:4      | Reached skill level 5 in Fighting
  5347 | D:4      | Found a runed translucent gate.
  5347 | D:4      | Found a runed translucent gate.
  5347 | D:4      | Noticed technosentience's ghost (novice DjTm)
  5349 | D:4      | Found a runed translucent gate.
  6379 | D:4      | Killed technosentience's ghost
  6380 | D:4      | Reached skill level 7 in Long Blades
  6380 | D:4      | Reached XP level 8. HP: 53/64 MP: 8/8
  6481 | D:5      | Entered Level 5 of the Dungeon
  7370 | D:5      | Found a sparkling altar of Nemelex Xobeh.
  7437 | D:5      | Reached skill level 8 in Long Blades
  7679 | D:5      | Found a runed translucent door.
  7680 | D:5      | Noticed Crazy Yiuf
  7925 | D:5      | Killed Crazy Yiuf
  8388 | D:6      | Reached XP level 9. HP: 56/71 MP: 9/9
  8509 | D:6      | Reached skill level 5 in Shields
  9821 | D:7      | Found a flagged portal.
  9825 | Bailey   | Entered a bailey
  9843 | Bailey   | Slain by a gnoll

Illustrated notes

Levels and vault maps discovered:
D:1:      psy_arrival_statuary, layout_basic,
          shapermc_ecumenical_altar_mp_urbaneastern, minmay_hexomino_r4
D:2:      layout_loops_ring, basic_altar, nrook_mini_vaults
D:3:      minmay_octagon_keep, layout_loops_corners,
          chequers_serial_rivers_room_b
D:4:      layout_basic, gammafunk_ghost_split, minmay_fountain_box
D:5:      layout_basic, nemelex_xobeh_ov_fountains_minmay, minivault_24,
          columned_hall_lemuel, roderic_lattice_a, serial_park_tiny_2,
          feat_on_display, uniq_crazy_yiuf_cottage
D:6:      layout_loops_ring
D:7:      layout_rooms, lemuel_temple_firewalk_b, enter_bailey_1,
          due_unseen_surprise
Bailey:   bailey_polearm_gnolls_kennysheep, bailey

Skill      XL: |  1  2  3  4  5  6  7  8  9 |
---------------+----------------------------+-----
Long Blades    | 3 4 6 7 8 |  8.1
Fighting       | 4 5 6 7 |  7.4
Shields        | 4 5 |  5.8
Armour         | |  3.0

Action                   |  1- 3 |  4- 6 |  7- 9 || total
-------------------------+-------+-------+-------++-------
Melee: Long sword        |   110 |    94 |   259 ||   463
Throw: Dart              |       |    38 |    11 ||    49
  Use: Potion            |       |     1 |     3 ||     4
       Scroll            |       |       |     6 ||     6
Armor: Scale mail        |    35 |       |       ||    35
       Chain mail        |    22 |    59 |   169 ||   250
Dodge: Dodged            |    55 |    41 |    76 ||   172
Block: Buckler           |    30 |    18 |     3 ||    51
       Kite shield       |       |       |   118 ||   118

Table legend: (Time is in decaauts)
 A = Elapsed time spent in this place.
 B = Non-inter-level travel time spent in this place.
 C = Inter-level travel time spent in this place.
 D = Time resting spent in this place.
 E = Time spent auto-exploring this place.
 F = Levels seen in this place.
 G = Mean time per level.
                   A        B        C        D        E       F      G
               +--------+--------+--------+--------+--------+-----+--------+
         Total |   9953 |   9638 |    315 |   2854 |   5319 |   8 | 1244.1 |
       Dungeon |   9933 |   9618 |    315 |   2854 |   5319 |   7 | 1419.0 |
        Bailey |     19 |     19 |      0 |      0 |      0 |   1 |   19.0 |
               +--------+--------+--------+--------+--------+-----+--------+

Top non-repeatable levels by time:
     D:3: 2354 daAuts
     D:4: 2081 daAuts
     D:5: 1720 daAuts
     D:6: 1580 daAuts
     D:1: 1225 daAuts
     D:2: 885 daAuts
     D:7: 84 daAuts
  Bailey: 19 daAuts
